[Event "Team 45 45 League T47"]
[Site "Internet Chess Club"]
[Date "2010.11.21"]
[Round "3"]
[White "isolani"]
[Black "imawesome"]
[Result "0-1"]
[WhiteElo "1594"]
[BlackElo "1717"]
[Opening "English: symmetrical, four knights system"]
[ECO "A30"]
[Time "10:19:23"]
[TimeControl "2700+45"]

1. Nf3 c5 2. c4 Nc6 3. Nc3 Nf6 4. g3 g6 5. Bg2 d5 6. cxd5 Nxd5 7. O-O Bg7 8.
Nxd5 Qxd5 9. d3 O-O 10. Ng5 Qd7 11. Ne4 b6 12. Qa4 Bb7 13. Rb1 Rfd8 14. Nc3 Ne5
15. Qxd7 Rxd7 16. Bxb7 Rxb7 17. Bd2 Rd8 18. b3 Nxd3 19. exd3 Rxd3 20. Ne4 f5 21.
Nxc5 bxc5 22. Be3 Bd4 23. Rbd1 Rxd1 24. Rxd1 Bxe3 25. fxe3 Kf7 26. Rd5 Rc7 27.
Kf2 Ke6 28. Rd8 Rd7 29. Rxd7 Kxd7 30. Kf3 e5 31. e4 fxe4+ 32. Kxe4 Ke6 33. a3 h6
34. h3 Kd6 35. g4 g5 36. a4 a5 37. Ke3 Kd5 38. Kd3 e4+ 39. Ke3 Ke5 40. Ke2 Kd4
41. Kd2 e3+ 42. Ke2 Ke4 43. Ke1 Kd3 44. Kd1 Kc3 45. Ke2 Kxb3 46. Kxe3 c4 47. Kd2
Kb2 {White resigns} 0-1

[Event "Team 45 45 League T47"]
[Site "Internet Chess Club"]
[Date "2010.11.21"]
[Round "3"]
[White "Wheels"]
[Black "Atlantis"]
[Result "1/2-1/2"]
[WhiteElo "1845"]
[BlackElo "1738"]
[Opening "Sicilian: closed"]
[ECO "B23"]
[Time "17:07:36"]
[TimeControl "2700+45"]

1. e4 c5 2. Nc3 e6 3. f4 d5 4. Nf3 dxe4 5. Nxe4 Nf6 6. Bb5+ Bd7 7. Bxd7+ Nbxd7
8. Qe2 Be7 9. O-O O-O 10. d3 b6 11. Nfg5 h6 12. Nh3 Qc7 13. Ng3 Bd6 14. Bd2 Rae8
15. Rae1 b5 16. Ne4 Be7 17. Rf3 c4 18. dxc4 bxc4 19. Bc3 Nd5 20. Bd4 N7f6 {Game
drawn by mutual agreement} 1/2-1/2

[Event "Team 45 45 League T47"]
[Site "Internet Chess Club"]
[Date "2010.11.21"]
[Round "3"]
[White "Victorianum"]
[Black "giltar"]
[Result "1/2-1/2"]
[WhiteElo "1793"]
[BlackElo "1869"]
[Opening "King's Indian: fianchetto, classical variation, 8.e4"]
[ECO "E68"]
[Time "10:03:13"]
[TimeControl "2700+45"]

1. d4 Nf6 2. c4 g6 3. g3 Bg7 4. Bg2 d6 5. Nf3 O-O 6. O-O Nbd7 7. Nc3 e5 8. e4 a6
9. Qc2 exd4 10. Nxd4 Re8 11. Bg5 h6 12. Bxf6 Nxf6 13. Nde2 Rb8 14. a4 Ng4 15. a5
Ne5 16. Nd5 Nc6 17. h3 Nd4 18. Nxd4 Bxd4 19. Rad1 Bg7 20. b4 Bd7 21. Kh2 Rc8 22.
f4 Kh7 23. f5 Be5 24. fxg6+ fxg6 25. Rf7+ Kg8 26. Rdf1 Bf5 27. Rxc7 Rxc7 28.
Nxc7 Qxc7 29. exf5 gxf5 30. Bd5+ Kh8 31. Qxf5 Qg7 32. Qg4 Qxg4 33. hxg4 Re7 34.
b5 Bc3 35. bxa6 bxa6 36. Rf8+ Kg7 37. Ra8 Bxa5 38. Rxa6 Bb4 39. Ra8 Kf6 40. Rf8+
Kg6 41. Rg8+ Rg7 42. Rxg7+ Kxg7 43. Kh3 Kg6 44. Kh4 Bd2 45. Be4+ Kf6 46. Kh5 Bg5
47. Bd5 Kg7 48. Be4 Be3 49. Kh4 Kf6 50. Bd5 Bg5+ 51. Kh3 Ke5 52. Kg2 Kd4 53. Kf3
Kd3 54. Be6 Be3 55. Bd5 Bg5 56. Be6 {Game drawn by mutual agreement} 1/2-1/2

[Event "Team 45 45 League T47"]
[Site "Internet Chess Club"]
[Date "2010.11.20"]
[Round "3"]
[White "helixx"]
[Black "jps7"]
[Result "1/2-1/2"]
[WhiteElo "1712"]
[BlackElo "1702"]
[Opening "Réti opening"]
[ECO "A05"]
[Time "13:06:20"]
[TimeControl "2700+45"]

1. Nf3 Nf6 2. g3 d5 3. Bg2 e6 4. d3 Bd6 5. Nbd2 O-O 6. O-O b6 7. e4 dxe4 8. dxe4
e5 9. Re1 Bb7 10. Nc4 Nc6 11. Bg5 h6 12. Nxd6 cxd6 13. Bxf6 Qxf6 14. c3 Rad8 15.
Qa4 a6 16. Rad1 b5 17. Qb3 Na5 18. Qb4 Nc4 19. b3 Nb6 20. Rd3 Nc8 21. a4 Bc6 22.
a5 Qg6 23. Nh4 Qf6 24. Red1 g5 25. Nf5 Kh7 26. Nxd6 Ne7 27. c4 Rd7 28. cxb5 axb5
29. Nxb5 Rxd3 30. Rxd3 Rb8 31. Qd6 Qxd6 32. Nxd6 Kg7 33. Rf3 f6 34. Rc3 Rd8 35.
Nf5+ Nxf5 36. exf5 Rd1+ 37. Bf1 Bb5 38. Rc4 Bxc4 39. bxc4 Ra1 40. Kg2 Rxa5 41.
Kf3 h5 42. Bd3 Ra3 43. Ke4 Kf8 44. c5 Rc3 45. Be2 Rxc5 46. Bxh5 Ke7 47. Bg4 Rc2
48. Ke3 Rc8 49. Kd3 Rh8 50. h3 Kd6 51. f4 Re8 52. fxg5 e4+ 53. Ke3 fxg5 54. f6
Ke5 55. f7 Rf8 56. Bh5 Rh8 57. Be2 Kf6 58. Bc4 Ke7 59. Kxe4 Rxh3 60. g4 Rc3 61.
Bd5 Rc5 62. Ke5 Ra5 63. Ke4 Kf8 64. Ke5 Ra4 65. Kf5 Ra5 66. Ke6 Ra4 67. Kf5 Ra5
68. Ke6 Ra6+ 69. Ke5 Ke7 70. Kf5 Ra5 71. Ke4 Ra4+ 72. Kf5 Ra5 73. Ke5 Rb5 {Game
drawn by mutual agreement} 1/2-1/2

[Event "Team 45 45 League T47"]
[Site "Internet Chess Club"]
[Date "2010.11.18"]
[Round "3"]
[White "UnderRated"]
[Black "BrerRabbit"]
[Result "0-1"]
[WhiteElo "1589"]
[BlackElo "1612"]
[Opening "Pirc: Austrian attack, dragon formation"]
[ECO "B09"]
[Time "19:01:16"]
[TimeControl "2700+45"]

1. e4 d6 2. d4 Nf6 3. Nc3 g6 4. f4 Bg7 5. Nf3 c5 6. e5 Nfd7 7. exd6 O-O 8. dxe7
Qxe7+ 9. Be2 Re8 10. O-O cxd4 11. Nxd4 Qc5 12. Nb5 a6 13. b4 Qb6 14. c3 axb5 15.
f5 Nc6 16. Rf4 Nxd4 17. cxd4 Nf6 18. fxg6 fxg6 19. Bf3 Be6 20. Kh1 Nd5 21. Rh4
Bf6 22. Re4 Nc3 23. Rxe6 Qxe6 24. Qg1 Qe1 25. Bb2 Qxg1+ 26. Rxg1 Nxa2 27. Bxb7
Rad8 28. Bc6 Re2 29. Ba3 Nc3 30. d5 Be5 31. Rc1 Re3 32. Bb2 Rf8 33. d6 Bxd6 34.
Bf3 Be5 35. Rf1 Kg7 36. Bc1 Rd3 37. Bg5 Bf6 38. Bf4 Rd4 39. Bg3 Rxb4 40. Bd6 Rb1
41. Bxf8+ Kxf8 42. Kg1 Bd4+ {White resigns} 0-1

[Event "Team 45 45 League T47"]
[Site "Internet Chess Club"]
[Date "2010.11.21"]
[Round "3"]
[White "Zumbi"]
[Black "RamRock"]
[Result "1/2-1/2"]
[WhiteElo "2045"]
[BlackElo "1823"]
[Opening "Caro-Kann: advance variation"]
[ECO "B12"]
[Time "19:10:51"]
[TimeControl "2700+45"]

1. e4 c6 2. d4 d5 3. e5 Bf5 4. Nf3 e6 5. Be2 c5 6. Be3 Nd7 7. O-O Qc7 8. c3 Ne7
9. Nbd2 Bg6 10. Nh4 Nf5 11. Nxf5 Bxf5 12. g4 Bg6 13. f4 h6 14. f5 exf5 15. gxf5
Bh7 16. Qa4 a6 17. e6 O-O-O 18. exd7+ Rxd7 19. Bf4 Qb6 20. Bg4 h5 21. Bh3 Qf6
22. Nf3 Bxf5 23. Bxf5 Qxf5 24. Ne5 Re7 25. Bg3 Qg5 26. Nxf7 Qe3+ 27. Bf2 Qf3 28.
Nxh8 Re4 29. Rae1 Rg4+ 30. Bg3 Rxg3+ 31. hxg3 Qxg3+ 32. Kh1 {Game drawn by
mutual agreement} 1/2-1/2

[Event "Team 45 45 League T47"]
[Site "Internet Chess Club"]
[Date "2010.11.20"]
[Round "3"]
[White "RD1974"]
[Black "Tobiasdelmonte"]
[Result "0-1"]
[WhiteElo "1800"]
[BlackElo "1962"]
[Opening "Réti: King's Indian attack (Barcza system)"]
[ECO "A07"]
[Time "11:00:58"]
[TimeControl "2700+45"]

1. Nf3 d5 2. g3 Nf6 3. Bg2 c5 4. O-O Bf5 5. d4 e6 6. c4 Be7 7. Qb3 Qb6 8. Bf4
O-O 9. Nbd2 Nc6 10. Qxb6 axb6 11. Bc7 Ra6 12. a3 cxd4 13. b4 Rc8 14. Be5 Nxe5
15. Nxe5 Rca8 16. Rfc1 Bxb4 17. Nb3 Bc3 18. Ra2 Rxa3 19. Rxa3 Rxa3 20. Nxd4 Bxd4
21. cxd5 exd5 22. Nd3 Ra1 23. Rxa1 Bxa1 24. Nb4 Be4 25. f3 Bd4+ 26. Kf1 Bb1 27.
h4 Bc3 28. Nd3 Bxd3 29. exd3 Kf8 30. Ke2 Ke7 31. Ke3 d4+ 32. Ke2 Kd6 33. f4 Nd5
34. Be4 g6 35. f5 Ba1 36. fxg6 fxg6 37. h5 Nc3+ 38. Kf3 Nxe4 39. Kxe4 b5 40.
hxg6 hxg6 41. Kf4 b4 42. Kg5 b3 43. Kxg6 b2 44. g4 b1=Q 45. g5 Qxd3+ 46. Kf7 Qg3
47. g6 d3 48. g7 Qxg7+ {White resigns} 0-1

[Event "Team 45 45 League T47"]
[Site "Internet Chess Club"]
[Date "2010.11.19"]
[Round "3"]
[White "tourettes"]
[Black "toukon"]
[Result "1-0"]
[WhiteElo "1511"]
[BlackElo "1671"]
[Opening "Sicilian: closed, Korchnoi variation"]
[ECO "B23"]
[Time "14:03:18"]
[TimeControl "2700+45"]

1. e4 c5 2. Nc3 e6 3. g3 d5 4. exd5 exd5 5. d4 c4 6. Bg2 Bb4 7. Ne2 Nf6 8. O-O
O-O 9. Bg5 Nbd7 10. Nxd5 Be7 11. Bf4 Nxd5 12. Bxd5 Nb6 13. Bg2 Bd6 14. Qd2 Bf5
15. c3 Bd3 16. Rfe1 Re8 17. Bxb7 Rb8 18. Bc6 Bxf4 19. Nxf4 Rxe1+ 20. Rxe1 Bf5
21. Re8+ {Black resigns} 1-0

[Event "Team 45 45 League T47"]
[Site "Internet Chess Club"]
[Date "2010.11.22"]
[Round "3"]
[White "noblitz-oblige"]
[Black "ZiggyStardust"]
[Result "1-0"]
[WhiteElo "1701"]
[BlackElo "1587"]
[Opening "Two knights defense (Modern bishop's opening)"]
[ECO "C55"]
[Time "10:09:37"]
[TimeControl "2700+45"]

1. e4 e5 2. Nf3 Nc6 3. Bc4 Nf6 4. d3 h6 5. Nc3 Bc5 6. h3 a6 7. O-O b5 8. Bb3 d6
9. Re1 Be6 10. Nd5 Bxd5 11. exd5 Ne7 12. d4 Bxd4 13. Nxd4 exd4 14. Qxd4 O-O 15.
Bxh6 Nf5 16. Qf4 Nxh6 17. g4 Nh7 18. c3 Qg5 19. Qg3 Rfe8 20. f4 Qg6 21. Rac1 Nf5
22. Qf2 Ne7 23. Re2 f5 24. Rce1 Qf7 25. g5 Ng6 26. h4 Rxe2 27. Rxe2 Re8 28. h5
Rxe2 29. hxg6 Rxf2 30. gxf7+ Kxf7 31. Kxf2 g6 32. Ke3 Nf8 33. c4 bxc4 34. Bxc4
a5 35. Bb5 Ke7 36. Kd4 Kd8 37. Kc4 Nd7 38. Bxd7 Kxd7 39. Kb5 a4 40. Kxa4 c6 41.
dxc6+ Kxc6 42. Kb4 Kd5 43. a4 {Black resigns} 1-0

[Event "Team 45 45 League T47"]
[Site "Internet Chess Club"]
[Date "2010.11.23"]
[Round "3"]
[White "VietLion"]
[Black "Harmonicus"]
[Result "1-0"]
[WhiteElo "1918"]
[BlackElo "1933"]
[Opening "Nimzo-Indian: 4.e3 c5"]
[ECO "E41"]
[Time "16:00:05"]
[TimeControl "2700+45"]

1. d4 Nf6 2. c4 e6 3. Nc3 Bb4 4. e3 c5 5. Bd3 O-O 6. Nf3 Nc6 7. O-O cxd4 8. exd4
d5 9. Bg5 Be7 10. Rc1 dxc4 11. Bxc4 Nd5 12. Bd2 Nb6 13. Bd3 Nxd4 14. Nxd4 Qxd4
15. Bg5 Qd8 16. Bf4 Nd5 17. Nxd5 Qxd5 18. Rc7 Bf6 19. Qc2 g6 20. Rc1 e5 21. Bh6
Bg7 22. Bxg7 Kxg7 23. Bc4 Qd8 24. Bb3 Bf5 25. Qc4 Qf6 26. Rxb7 Rac8 27. Qf1 Bd3
28. Rxc8 Bxf1 29. Rxf8 Kxf8 30. Rxf7+ Qxf7 31. Bxf7 Bxg2 32. Kxg2 Kxf7 33. Kf3
Kf6 34. Ke4 Kg5 35. b4 Kh4 36. a4 Kh3 37. b5 Kxh2 38. a5 Kg1 39. b6 h5 40. bxa7
h4 41. a8=Q h3 42. Kxe5 h2 43. f4 {Black resigns} 1-0

[Event "Team 45 45 League T47"]
[Site "Internet Chess Club"]
[Date "2010.11.21"]
[Round "3"]
[White "Constrictor"]
[Black "subterfuge"]
[Result "0-1"]
[WhiteElo "1669"]
[BlackElo "1717"]
[Opening "Réti: Nimzovich-Larsen attack"]
[ECO "A06"]
[Time "18:00:32"]
[TimeControl "2700+45"]

1. Nf3 d5 2. b3 Nf6 3. e3 Bg4 4. Bb2 Nbd7 5. Be2 Bxf3 6. Bxf3 e5 7. O-O Bd6 8.
d3 Qe7 9. Nc3 c6 10. Bg4 h5 11. Bxd7+ Nxd7 12. f4 O-O-O 13. Ne2 Rde8 14. f5 f6
15. c4 g6 16. cxd5 cxd5 17. e4 d4 18. fxg6 h4 19. a4 Qg7 20. Qc1+ Kb8 21. Ba3
Bxa3 22. Qxa3 Re6 23. b4 Qxg6 24. Qb3 Rg8 25. Rf2 Re7 26. Qd5 Reg7 27. Qd6+ Ka8
28. Rc1 Qg5 29. Rc7 Qe3 30. Rxd7 Rxg2+ 31. Kh1 Rxh2+ 32. Rxh2 Qf3+ {White
resigns} 0-1

[Event "Team 45 45 League T47"]
[Site "Internet Chess Club"]
[Date "2010.11.22"]
[Round "3"]
[White "John3v16"]
[Black "JWB"]
[Result "1-0"]
[WhiteElo "1735"]
[BlackElo "1607"]
[Opening "Bogo-Indian defense, Grünfeld variation"]
[ECO "E11"]
[Time "05:00:09"]
[TimeControl "2700+45"]

1. d4 Nf6 2. c4 e6 3. Nf3 Bb4+ 4. Nbd2 c5 5. dxc5 Na6 6. e3 Nxc5 7. a3 Bxd2+ 8.
Nxd2 a5 9. Nb3 Nxb3 10. Qxb3 b6 11. Bd3 Bb7 12. O-O Qc7 13. f3 O-O 14. e4 d6 15.
Be3 Nd7 16. Be2 Rfc8 17. Rfd1 Ba6 18. Rac1 Nc5 19. Qc2 a4 20. Qc3 Rab8 21. Qb4
Qc6 22. Bxc5 bxc5 23. Qd2 Rd8 24. Qa5 Rb6 25. e5 Qd7 26. Qxb6 {Black resigns}
1-0

[Event "Team 45 45 League T47"]
[Site "Internet Chess Club"]
[Date "2010.11.23"]
[Round "3"]
[White "TerryMalloy"]
[Black "upsan"]
[Result "1-0"]
[WhiteElo "2060"]
[BlackElo "1788"]
[Opening "French: Rubinstein variation"]
[ECO "C03"]
[Time "12:06:51"]
[TimeControl "2700+45"]

1. e4 e6 2. d4 d5 3. Nd2 dxe4 4. Nxe4 Nd7 5. Nf3 Ngf6 6. Bd3 c5 7. O-O Nxe4 8.
Bxe4 Nf6 9. Bd3 Bd7 10. Be3 cxd4 11. Bxd4 Be7 12. Ne5 O-O 13. Nxd7 Nxd7 14. Qf3
Rb8 15. Bxa7 {Black resigns} 1-0

[Event "Team 45 45 League T47"]
[Site "Internet Chess Club"]
[Date "2010.11.17"]
[Round "3"]
[White "backrankbrawler"]
[Black "az2112"]
[Result "0-1"]
[WhiteElo "1730"]
[BlackElo "1754"]
[Opening "Levitsky attack (Queen's bishop attack)"]
[ECO "D00"]
[Time "22:13:58"]
[TimeControl "2700+45"]

1. d4 d5 2. Bg5 Nf6 3. Bxf6 exf6 4. e3 Bd6 5. c4 dxc4 6. Bxc4 O-O 7. Ne2 f5 8.
Nbc3 Nd7 9. Qc2 Nf6 10. Bd3 f4 11. e4 f3 12. gxf3 Bb4 13. e5 Bxc3+ 14. bxc3 Nd5
15. Bxh7+ Kh8 16. Be4 Be6 17. h4 c6 18. Qd2 f5 19. Bc2 b5 20. Bb3 a5 21. Nf4
Nxf4 22. Qxf4 Bd5 23. Kd2 a4 24. Bc2 c5 25. h5 cxd4 26. cxd4 Rc8 27. a3 Qa5+ 28.
Kd1 Rxc2 29. Kxc2 Rc8+ 30. Kb1 Qc3 31. Ra2 Bxa2+ 32. Kxa2 Qb3+ 33. Ka1 Rc2
{White resigns} 0-1

[Event "Team 45 45 League T47"]
[Site "Internet Chess Club"]
[Date "2010.11.20"]
[Round "3"]
[White "Tamarin"]
[Black "Buford-Julep"]
[Result "1/2-1/2"]
[WhiteElo "1779"]
[BlackElo "1661"]
[Opening "QGD: Orthodox defense, Botvinnik variation"]
[ECO "D60"]
[Time "19:54:28"]
[TimeControl "2700+45"]

1. d4 d5 2. c4 e6 3. Nc3 Nf6 4. Bg5 Be7 5. e3 O-O 6. Nf3 Nbd7 7. Bd3 dxc4 8.
Bxc4 c5 9. Rc1 a6 10. a4 cxd4 11. Nxd4 Nb6 12. Bb3 Nfd5 13. Bxe7 Nxe7 14. O-O
Bd7 15. Qf3 Nc6 16. Rfd1 Qe7 17. Nxc6 Bxc6 18. Qf4 Rfd8 19. a5 Nd7 20. Bc2 Nf6
21. Be4 Nxe4 22. Nxe4 e5 23. Qg4 g6 24. Ng3 Rxd1+ 25. Rxd1 Rd8 26. Qe2 Rxd1+ 27.
Qxd1 Qb4 28. Qa1 Qa4 {Game drawn by mutual agreement} 1/2-1/2

[Event "Team 45 45 League T47"]
[Site "Internet Chess Club"]
[Date "2010.11.18"]
[Round "3"]
[White "oldsj"]
[Black "Schack"]
[Result "0-1"]
[WhiteElo "1645"]
[BlackElo "1673"]
[Opening "Caro-Kann: Panov-Botvinnik attack"]
[ECO "B13"]
[Time "15:00:24"]
[TimeControl "2700+45"]

1. e4 c6 2. d4 d5 3. exd5 cxd5 4. c4 Nf6 5. Nc3 Nc6 6. Nf3 Bg4 7. cxd5 Nxd5 8.
Be2 e6 9. O-O Bb4 10. Nxd5 Qxd5 11. Be3 O-O 12. h3 Bh5 13. b3 Rfd8 14. Qd3 Rac8
15. Rfd1 Bg6 16. Qb5 Qxb5 17. Bxb5 Ba3 18. Bxc6 Rxc6 19. Ne5 Rcd6 20. Nc4 Ra6
21. Rd2 Bb4 22. Rdd1 Bc2 23. Rf1 Bc3 24. Rac1 Rxa2 25. f3 Bxd4 26. Bxd4 Rxd4 27.
Rf2 Bxb3 28. Nd2 Rc2 29. Nxb3 Rxc1+ 30. Nxc1 Rd1+ 31. Rf1 Rxf1+ 32. Kxf1 Kf8 33.
Ke2 Ke7 34. Kd3 Kd6 35. Nb3 Kd5 36. f4 b6 37. g4 a5 38. Nd4 a4 39. Kc3 Kc5 40.
Nc2 f6 41. Nd4 e5 42. fxe5 fxe5 43. Ne6+ Kd5 44. Nxg7 e4 45. Nf5 Ke5 46. h4 Kf4
47. Kd4 a3 48. Ne3 a2 49. Nc2 e3 50. Kc3 e2 51. Kb2 a1=Q+ 52. Kxa1 Kxg4 53. Kb2
Kxh4 54. Kc3 Kg3 55. Kd2 Kf2 56. Ne1 h5 57. Nd3+ Kf1 58. Ne1 b5 59. Nd3 h4 60.
Ne1 h3 61. Nf3 e1=Q+ 62. Nxe1 h2 {White resigns} 0-1

[Event "Team 45 45 League T47"]
[Site "Internet Chess Club"]
[Date "2010.11.21"]
[Round "3"]
[White "Deckfuel"]
[Black "Ianjo"]
[Result "0-1"]
[WhiteElo "2025"]
[BlackElo "1868"]
[Opening "Pirc: 150 attack"]
[ECO "B07"]
[Time "10:05:19"]
[TimeControl "2700+45"]

1. Nc3 d6 2. e4 g6 3. d4 Nf6 4. Be3 c6 5. Qd2 b5 6. f3 Qa5 7. Bd3 Nbd7 8. Nge2
Bg7 9. O-O O-O 10. Bh6 b4 11. Nd1 c5 12. Bxg7 Kxg7 13. Kh1 e5 14. c3 bxc3 15.
Qxc3 Qxc3 16. bxc3 Rb8 17. f4 exd4 18. cxd4 cxd4 19. Nxd4 Nc5 20. e5 dxe5 21.
fxe5 Ng4 22. Be2 Nxe5 23. Rc1 Ne6 24. Nc6 Nxc6 25. Rxc6 Nd4 26. Bf3 Nxc6 27.
Bxc6 Be6 28. a4 Rfd8 29. Nf2 Rb2 30. h3 Bd5 31. Bb5 Bb7 32. Rd1 Rxd1+ 33. Nxd1
Rb1 34. Be2 Bc6 35. Kh2 Bxa4 36. Nc3 Rb4 37. Nd5 Rb2 38. Ba6 Bc6 39. Ne3 f5 40.
Kg3 Kf6 41. h4 h6 42. Bf1 a5 43. Nc4 Rb3+ 44. Kf2 a4 45. Na5 Rb2+ 46. Ke3 a3 47.
Bc4 Bxg2 48. h5 a2 49. Bxa2 Rxa2 50. Nc4 g5 51. Nd6 f4+ 52. Kd4 Rd2+ 53. Kc5
Rxd6 54. Kxd6 f3 55. Kc5 f2 56. Kd4 f1=Q 57. Ke3 Qf3+ 58. Kd2 Ke5 59. Ke1 Qe3+
60. Kd1 Kd4 61. Kc2 Kc4 62. Kb2 Be4 63. Ka2 Kb4 64. Ka1 Qc3+ 65. Ka2 Qc2+ 66.
Ka1 Qb1# {White checkmated} 0-1

[Event "Team 45 45 League T47"]
[Site "Internet Chess Club"]
[Date "2010.11.21"]
[Round "3"]
[White "LuxAeterna"]
[Black "randallsr"]
[Result "1-0"]
[WhiteElo "1788"]
[BlackElo "1751"]
[Opening "French: Rubinstein variation"]
[ECO "C10"]
[Time "20:00:18"]
[TimeControl "2700+45"]

1. e4 e6 2. d4 d5 3. Nc3 dxe4 4. Nxe4 Nf6 5. Nxf6+ Qxf6 6. Nf3 h6 7. Bd3 Bd6 8.
O-O O-O 9. Be3 Bf4 10. Qd2 Bxe3 11. fxe3 Qe7 12. c4 Nd7 13. Rac1 c5 14. dxc5
Nxc5 15. Bc2 Rd8 16. Qc3 b6 17. Ne5 Rf8 18. b4 Na6 19. Qd3 g6 20. Nxg6 fxg6 21.
Qxg6+ Qg7 22. Rxf8+ Kxf8 23. Rf1+ Kg8 24. Qe8+ {Black resigns} 1-0

[Event "Team 45 45 League T47"]
[Site "Internet Chess Club"]
[Date "2010.11.22"]
[Round "3"]
[White "Yedixon"]
[Black "Heian"]
[Result "0-1"]
[WhiteElo "1655"]
[BlackElo "1678"]
[Opening "Bird's opening"]
[ECO "A02"]
[Time "17:02:42"]
[TimeControl "2700+45"]

1. f4 f5 2. e4 e6 3. d3 fxe4 4. dxe4 Bc5 5. Qh5+ g6 6. Qxc5 d6 7. Bb5+ c6 8. Qd4
e5 9. fxe5 cxb5 10. exd6 Nf6 11. Bg5 O-O 12. e5 Nc6 13. Qh4 Nxe5 14. Qb4 Nf7 15.
Nf3 Qxd6 16. Qxd6 Nxd6 17. O-O Nfe4 18. Nbd2 Nxg5 19. Nxg5 Bf5 20. c3 h6 21.
Ngf3 Nc4 22. Nxc4 bxc4 23. Ne5 b5 24. g4 Be4 25. Rfe1 Bf3 26. Nxg6 Rf6 27. Ne5
Bxg4 28. Nxg4 Rg6 29. Re4 h5 30. h3 hxg4 31. hxg4 Rd8 32. Rae1 a6 33. R1e2 Rd3
34. Kg2 Kg7 35. Re7+ Kh6 36. R7e4 Kg5 37. a4 Kh4 38. axb5 axb5 39. Kf1 Rxg4 40.
Rh2+ Kg3 41. Rg2+ Kf3 42. Rgxg4 Rd1+ 43. Re1 Rxe1+ 44. Kxe1 Kxg4 45. Kd2 Kf3 46.
Kc2 Ke2 47. b3 Ke1 48. Kb2 Kd2 {White resigns} 0-1

[Event "Team 45 45 League T47"]
[Site "Internet Chess Club"]
[Date "2010.11.21"]
[Round "3"]
[White "ElMarginal"]
[Black "elessar"]
[Result "1-0"]
[WhiteElo "1552"]
[BlackElo "1681"]
[Opening "Torre attack (Tartakower variation)"]
[ECO "D03"]
[Time "18:04:43"]
[TimeControl "2700+45"]

1. d4 d5 2. Nf3 Nf6 3. Bg5 Ne4 4. Bh4 c5 5. Nbd2 Qa5 6. c3 Bf5 7. Nxe4 Bxe4 8.
Qb3 Qb6 9. dxc5 Qxb3 10. axb3 e6 11. b4 Be7 12. Bxe7 Kxe7 13. Nd4 Nc6 14. e3
Nxd4 15. cxd4 Rhc8 16. f3 Bg6 17. Kd2 f6 18. Bd3 Bxd3 19. Kxd3 Kd7 20. Ra3 Kc6
21. Rha1 b6 22. Rxa7 Rxa7 23. Rxa7 Rc7 24. b5+ Kd7 25. cxb6 Rxa7 26. bxa7 {Black
resigns} 1-0